 Dungeon Crawl Stone Soup version 0.29.1-4-g47bece8355 (webtiles) character file.

Game seed: 503564095957001126

275 croobank the Conjurer (level 6, -10/61 HPs)
             Began as a Demonspawn Conjurer on Dec 10, 2022.
             Mangled by an ice beast (11 damage)
             ... on level 5 of the Dungeon.
             The game lasted 00:15:16 (4807 turns).

croobank the Conjurer (Demonspawn Conjurer)         Turns: 4807, Time: 00:15:17

Health: -10/61     AC:  3    Str:  7    XL:     6   Next: 3%
Magic:  11/11      EV: 12    Int: 22    God:
Gold:   145        SH:  0    Dex: 11    Spells: 5/11 levels left

rFire   . . .      SeeInvis .   k - +0 hand axe (flame)
rCold   . . .      Faith    .   (no shield)
rNeg    . . .      Spirit   .   j - +0 leather armour
rPois   .          Reflect  .   (helmet restricted)
rElec   .          Harm     .   (no cloak)
rCorr   .          Rampage  .   (no gloves)
Will    .....                   (no boots)
Stlth   ..........              (no amulet)
HPRegen 0.20/turn               (no ring)
MPRegen 0.12/turn               (no ring)

@: berserking, very quick
A: antennae 1
a: no special abilities


You were on level 5 of the Dungeon.
You visited 1 branch of the dungeon, and saw 4 of its levels.

You collected 145 gold pieces.

Inventory:

Hand Weapons
 d - a +0 quarterstaff
 k - a +0 hand axe of flaming (weapon)
 l - a +1 dagger of freezing
 p - a +0 executioner's axe
 r - a +0 sling
Missiles
 b - 6 poisoned darts
Armour
 a - a +0 robe
 h - a +0 ring mail
 j - a +0 leather armour (worn)
Scrolls
 e - 3 scrolls of magic mapping
 o - a scroll of poison {unknown}
Potions
 g - a potion of mutation
 q - 2 potions of attraction


   Skills:
 + Level 3.2 Dodging
 + Level 3.4 Stealth
 + Level 3.3 Spellcasting
 + Level 5.0 Conjurations


You had 5 spell levels left.
You knew the following spells:

 Your Spells              Type           Power      Damage    Failure   Level
a - Magic Dart            Conj           100%       1d8       2%          1
b - Searing Ray           Conj           50%        2d6       3%          2
c - Dazzling Flash        Conj/Hex       28%        N/A       19%         3

Your spell library contained the following spells:

 Spells                   Type           Power      Damage    Failure   Level
 Slow                     Hex            12%        N/A       19%         1
 Confusing Touch          Hex            3%         N/A       47%         3
 Gell's Gravitas          Tloc           3%         N/A       47%         3
 Teleport Other           Tloc           3%         N/A       47%         3
 Vampiric Draining        Necr           3%         2d6       47%         3
 Fulminant Prism          Conj/Hex       7%         3d7       54%         4
 Iskenderun's Mystic Bla  Conj/Tloc      14%        2d5       54%         4
 Dispersal                Tloc           1%         N/A       100%        6


Dungeon Overview and Level Annotations

Branches:
Dungeon (3/15)

Altars:

Annotations:
D:5 Grinder


Innate Abilities, Weirdness & Mutations

You have a pair of small antennae on your head.


Message History

You miss the quokka.
The quokka is heavily wounded.
The quokka barely misses you.
You closely miss the quokka.
The quokka is heavily wounded.
The quokka barely misses you. x2
You hit the quokka. You burn the quokka.
You kill the quokka!
Your Conjurations skill increases to level 5!
You see here a quokka corpse.
You see here a +0 spear.
You start resting.
An orc warrior is nearby!
An ice beast comes into view.
The ice beast hits you. The ice beast freezes you!
* * * LOW HITPOINT WARNING * * *
As you read the scroll of fear, it crumbles to dust.
You assume a fearsome visage.
The orc warrior looks frightened!
The ice beast looks frightened!
Found 8 gold pieces.
The ice beast seems to regain its courage.
Found 3 stones.
An orc comes into view. It is wielding a +0 short sword.
The orc shouts!
A phantom comes into view.
The orc hits you with a +0 short sword.
* * * LOW HITPOINT WARNING * * *
Okay, then.
Okay, then.
As you read the scroll labelled DIK UMUIKEMM, it crumbles to dust.
You hear a loud clanging noise!
It was a scroll of noise.
The water moccasin hisses angrily.
You hear an angry hiss.
You hear a shout! x4
The orc hits you with a +0 short sword.
* * * LOW HITPOINT WARNING * * *
A red film seems to cover your vision as you go berserk!
You feel yourself moving faster!
You feel mighty! The ice beast hits you.
* * * LOW HITPOINT WARNING * * *
The ice beast freezes you!
You die...

#...#.####.##.###
#.............#
#......###.####
#.#.#### #.# #...#
#.# #.########.###
#.####.......#
##Y...(###.#§#####
#@.S##.# #..§§§§..
#.o....###.#§§.§##
#.....##.....§§§.o..
#.#...###.######§###
#.#..(# # # ##.## #
#W... ##§# #.#.##
#§# ....# .## o# #


You could see a water moccasin, an ice beast, a phantom and an orc.

Vanquished Creatures
  A jelly (D:3)
  An orc priest (D:3)
  3 iguanas
  A gnoll (D:1)
  6 adders
  4 dart slugs
  6 orcs
  2 ball pythons
  5 endoplasms
  4 giant cockroaches
  6 goblins
  3 hobgoblins
  3 quokkas
  6 bats
  6 frilled lizards
  5 kobolds
  8 rats
70 creatures vanquished.

Notes
Turn   | Place    | Note
-------+----------+-------------------------------------------
     0 | D:1      | croobank the Demonspawn Conjurer began the quest for the
                  | Orb.
     0 | D:1      | Reached XP level 1. HP: 13/13 MP: 3/3
   113 | D:1      | Gained mutation: You have a pair of small antennae on your
                  | head. [demonic ancestry]
   113 | D:1      | Reached XP level 2. HP: 19/19 MP: 0/5
   626 | D:1      | Reached XP level 3. HP: 22/24 MP: 1/6
   676 | D:1      | Learned a level 2 spell: Searing Ray
  1777 | D:2      | Reached XP level 4. HP: 30/30 MP: 3/7
  2303 | D:2      | Found a faded altar of an unknown god.
  2849 | D:2      | Learned a level 3 spell: Dazzling Flash
  3361 | D:3      | HP: 1/30 [orc priest/divine providence (14)]
  3690 | D:3      | Reached XP level 5. HP: 35/35 MP: 5/9
  4141 | D:3      | HP: 1/52 [iguana (8)]
  4678 | D:3      | You fall into a shaft and drop 2 floors!
  4678 | D:5      | Entered Level 5 of the Dungeon
  4686 | D:5      | Noticed Grinder
  4710 | D:5      | Reached XP level 6. HP: 10/41 MP: 9/11
  4711 | D:5      | Noticed an orc warrior
  4731 | D:5      | Noticed a water moccasin
  4748 | D:5      | Reached skill level 5 in Conjurations
  4784 | D:5      | Noticed an ice beast
  4806 | D:5      | HP: 2/41 [orc/+0 short sword (2)]
  4807 | D:5      | Mangled by an ice beast

Illustrated notes

Levels and vault maps discovered:
D:1:      matt_arrival_spirals, layout_rooms, minivault_27,
          chequers_serial_rivers_large_b
D:2:      layout_loops_corners, basic_altar, ebering_ecumenical_altar_rust,
          kennysheep_generic_room_6
D:3:      layout_basic, good_gods_mini_temple, kennysheep_small_spiral,
          minmay_misc_feat_square, minmay_ruptured
D:5:      kennysheep_big_flooded_room, layout_basic,
          mainiacjoe_overflow_alcove_4, minmay_temple_entry_poolview,
          grunt_ministairs_2, guppyfry_early_orc_mine, uniq_grinder

Skill      XL: |  1  2  3  4  5  6 |
---------------+-------------------+-----
Dodging        | 2 3 |  3.2
Stealth        | 2 3 |  3.4
Spellcasting   | 3 |  3.3
Conjurations   | 5 |  5.0

Action                   |  1- 3 |  4- 6 || total
-------------------------+-------+-------++-------
Melee: Unarmed           |    11 |       ||    11
       Hand axe          |    19 |     8 ||    27
       Dagger            |       |    27 ||    27
 Cast: Magic Dart        |    51 |    24 ||    75
       Searing Ray       |     6 |    12 ||    18
       Dazzling Flash    |       |     2 ||     2
  Use: Scroll            |       |    19 ||    19
       Potion            |       |     9 ||     9
 Stab: Sleeping          |       |     7 ||     7
Armor: Robe              |     1 |       ||     1
       Ring mail         |     5 |       ||     5
       Leather armour    |     4 |     6 ||    10
Dodge: Dodged            |    32 |    29 ||    61
